 Dungeon Crawl Stone Soup version 0.29.0-4-gdea44cf6ec (webtiles) character file.

Game seed: 9111610062769147622

101 qw the Ruffian (level 4, -4/36 HPs)
             Began as a Ghoul Enchanter on Sept 5, 2022.
             Slain by a worm (7 damage)
             ... on level 3 of the Dungeon.
             The game lasted 00:01:14 (2165 turns).

qw the Ruffian (Ghoul Enchanter)                    Turns: 2165, Time: 00:01:15

Health: -4/36      AC:  4    Str: 13    XL:     4   Next: 75%
Magic:  5/5        EV: 11    Int: 10    God:
Gold:   48         SH:  6    Dex: 11    Spells: 6/6 levels left

rFire   . . .      SeeInvis .     - Unarmed
rCold   + . .      Faith    .   a - +3 buckler "Siusi" {Regen+ Dex+2}
rNeg    + + +      Spirit   .   h - +0 leather armour
rPois   inf        Reflect  .   (no helmet)
rElec   .          Harm     .   d - +0 cloak
rCorr   .          Rampage  .   (no gloves)
Will    .....                   (no boots)
Stlth   ++........              (no amulet)
HPRegen 0.00/turn               (no ring)
MPRegen 0.09/turn               (no ring)

@: inhibited regen
A: claws 1, cold resistance 1, negative energy resistance 3, inhibited
regeneration, torment resistance 2, devour on kill
a: no special abilities


You were on level 3 of the Dungeon.
You visited 1 branch of the dungeon, and saw 3 of its levels.

You collected 74 gold pieces.
You spent 26 gold pieces at shops.


Innate Abilities, Weirdness & Mutations

You are immune to poison.
You have sharp fingernails.
Your flesh is cold resistant. (rC+)
You are immune to negative energy. (rN+++)
You do not regenerate when monsters are visible.
You are immune to unholy pain and torment.
You thrive by killing the living.


   Skills:
 + Level 1.8 Fighting
 - Level 0.8 Short Blades
 - Level 1.7 Dodging
 - Level 3.2 Stealth
 - Level 4.1 Unarmed Combat
 - Level 1.7 Spellcasting
 - Level 2.4 Hexes


You had 6 spell levels left.
You didn't know any spells.
Your spell library contained the following spells:

 Spells                   Type           Power      Damage    Failure   Level
 Ensorcelled Hibernation  Hex/Ice        6%         N/A       47%         2
 Confusing Touch          Hex            5%         N/A       54%         3
 Tukima's Dance           Hex            5%         N/A       54%         3
 Dazzling Flash           Conj/Hex       6%         N/A       71%         3

Inventory:

Armour
 a - the +3 buckler "Siusi" (worn) {Regen+ Dex+2}
   (You acquired it on level 1 of the Dungeon)

   Dex:       It affects your dexterity (+2).
   Regen:     It increases your rate of health regeneration.
 d - a +0 cloak (worn)
 h - a +0 leather armour (worn)
Jewellery
 c - a ring of ice
Scrolls
 j - a scroll of identify
Potions
 f - a potion of mutation
 i - a potion of brilliance {unknown}
 k - a potion of lignification {unknown}

Dungeon Overview and Level Annotations

Branches:
Dungeon (3/15)

Altars:

Shops:
D:1 [   D:2 *


Message History

2149 ||| Stepping ~*~*~tactically~*~*~ (outnumbered).
2150 ||| Stepping ~*~*~tactically~*~*~ (outnumbered).
You see here a wand of iceblast (7).
You completely miss the river rat. The river rat bites you!
You scratch the river rat.
The river rat is heavily wounded.
You block the river rat's attack.
You barely miss the river rat.
The river rat is heavily wounded.
You block the river rat's attack.
2154 ||| Stepping ~*~*~tactically~*~*~ (outnumbered).
2155 ||| Stepping ~*~*~tactically~*~*~ (outnumbered).
You barely miss the river rat.
The river rat is moderately wounded.
The river rat closely misses you.
2157 ||| Stepping ~*~*~tactically~*~*~ (outnumbered).
You scratch the river rat.
The river rat is severely wounded.
You scratch the river rat.
The river rat is almost dead.
The river rat bites you.
You claw the river rat!
You kill the river rat!
The rat misses you. The worm bites you!
You scratch the worm but do no damage. The rat barely misses you.
The worm bites you but does no damage.
You scratch the worm.
The worm is moderately wounded.
The rat bites you but does no damage.
You scratch the worm.
The worm is severely wounded.
The rat bites you but does no damage. The worm bites you!
You scratch the worm.
The worm is severely wounded.
You block the rat's attack.
You scratch the worm.
The worm is almost dead.
You block the rat's attack. The worm bites you!
You die...

#+# #.# #.#
##.##
##w..##
#@.w.<###
##r./...#
####.#...#
.........~#
.####.#..~#
#...~~~~
#.#..~#~#
#.#..~~~#
#.....#~#


You could see 2 worms and a rat.

Vanquished Creatures
  Jessica (D:2)
  2 adders (D:2)
  A river rat (D:3)
  A worm (D:2)
  3 bats
  7 endoplasms
  3 giant cockroaches
  3 goblins
  3 hobgoblins
  3 quokkas
  3 ball pythons
  6 frilled lizards
  5 kobolds
  4 rats
45 creatures vanquished.

Notes
Turn   | Place    | Note
-------+----------+-------------------------------------------
     0 | D:1      | qw the Ghoul Enchanter began the quest for the Orb.
     0 | D:1      | Reached XP level 1. HP: 14/14 MP: 2/2
     0 | D:1      | 0 ||| qw: Version: 0.1-a-104-g96f76f8
     0 | D:1      | 0 ||| qw: Game counter: 5829
     0 | D:1      | 0 ||| qw: Always use a shield: true
     0 | D:1      | 0 ||| qw: God list: Okawaru
     0 | D:1      | 0 ||| qw: Allow faded altars: false
     0 | D:1      | 0 ||| qw: Do Orc after D:15 true
     0 | D:1      | 0 ||| qw: Do second Lair branch before Depths: true
     0 | D:1      | 0 ||| qw: Lair rune preference: random
     0 | D:1      | 0 ||| qw: Plans: Normal
     0 | D:1      | 0 ||| PLANNING D:1-11
     1 | D:1      | 1 ||| DROPPING +1 dagger.
    19 | D:1      | 19 ||| Stepping ~*~*~tactically~*~*~ (stealth).
   137 | D:1      | Reached skill level 1 in Unarmed Combat
   269 | D:1      | Reached skill level 1 in Fighting
   269 | D:1      | Reached XP level 2. HP: 21/23 MP: 3/3
   477 | D:1      | Found Leprokeb's Armour Boutique.
   491 | D:1      | 491 ||| SHOPLISTING +0 chain mail (63 gold, have 21).
   491 | D:1      | 491 ||| SHOPLISTING +0 helmet (63 gold, have 21).
   491 | D:1      | 491 ||| SHOPLISTING +0 ring mail (56 gold, have 21).
   491 | D:1      | 491 ||| SHOPLISTING +1 helmet of see invisible (231 gold,
                  | have 21).
   491 | D:1      | 491 ||| SHOPLISTING +3 chain mail of fire resistance (371
                  | gold, have 21).
   491 | D:1      | 491 ||| SHOPLISTING +8 plate armour of Analysis {rElec
                  | rN++} (1225 gold, have 21).
   515 | D:1      | Reached skill level 2 in Unarmed Combat
   797 | D:1      | Reached XP level 3. HP: 28/28 MP: 4/4
   969 | D:1      | 969 ||| UPGRADING to +0 leather armour.
   979 | D:1      | 979 ||| DROPPING +0 robe.
   980 | D:1      | 980 ||| READING scroll labelled HUZE ILEOVVIOC.
   980 | D:1      | Identified a scroll of acquirement
   980 | D:1      | 980 ||| ACQUIRING +3 buckler "Siusi" {Regen+ Dex+2}
   980 | D:1      | Acquired the +3 buckler "Siusi" {Regen+ Dex+2}
   982 | D:1      | 982 ||| UPGRADING to +3 buckler "Siusi" {Regen+ Dex+2}.
   987 | D:1      | 987 ||| READING scroll labelled ELEUKI EQIAWN.
   988 | D:1      | 988 ||| READING scroll labelled TIADIZ XEOL.
   989 | D:1      | 989 ||| READING scroll labelled IHASIOR JEOR.
   990 | D:1      | 990 ||| DROPPING 2 potions of invisibility.
  1126 | D:2      | Found Suaddev's Assorted Antiques.
  1143 | D:2      | 1143 ||| BUYING coppery potion (26 gold).
  1143 | D:2      | Bought a coppery potion for 26 gold pieces
  1143 | D:2      | 1143 ||| SHOPLISTING fuming green potion (26 gold, have 4).
  1143 | D:2      | 1143 ||| SHOPLISTING scale mail (116 gold, have 4).
  1143 | D:2      | 1143 ||| SHOPLISTING scroll labelled COSUVA RUINI (29 gold,
                  | have 4).
  1143 | D:2      | 1143 ||| SHOPLISTING scroll labelled PUH ZEINOR (29 gold,
                  | have 4).
  1143 | D:2      | 1143 ||| SHOPLISTING scroll labelled REOPAC LIGENK (29
                  | gold, have 4).
  1143 | D:2      | 1143 ||| SHOPLISTING scroll labelled ZUIFES DOGI (29 gold,
                  | have 4).
  1181 | D:2      | Reached skill level 3 in Unarmed Combat
  1197 | D:2      | Noticed Jessica
  1198 | D:2      | 1198 ||| Stepping ~*~*~tactically~*~*~ (stealth).
  1208 | D:2      | Killed Jessica
  1209 | D:2      | Reached XP level 4. HP: 19/35 MP: 5/5
  1409 | D:2      | Reached skill level 4 in Unarmed Combat
  1474 | D:2      | 1474 ||| Stepping ~*~*~tactically~*~*~ (stealth).
  1477 | D:2      | 1477 ||| Stepping ~*~*~tactically~*~*~ (stealth).
  1479 | D:2      | 1479 ||| Stepping ~*~*~tactically~*~*~ (stealth).
  1481 | D:2      | 1481 ||| Stepping ~*~*~tactically~*~*~ (stealth).
  1483 | D:2      | 1483 ||| Stepping ~*~*~tactically~*~*~ (stealth).
  1485 | D:2      | 1485 ||| Stepping ~*~*~tactically~*~*~ (stealth).
  1487 | D:2      | 1487 ||| Stepping ~*~*~tactically~*~*~ (stealth).
  2086 | D:2      | 2086 ||| UPGRADING to +0 cloak.
  2091 | D:2      | 2091 ||| READING 5 scrolls labelled SACWIN GEZ YZI.
  2092 | D:2      | 2092 ||| READING scroll labelled DEUWUE PAXABAACS.
  2093 | D:2      | 2093 ||| READING 4 scrolls of identify.
  2093 | D:2      | 2093 ||| IDENTIFYING coppery potion
  2094 | D:2      | 2094 ||| READING 3 scrolls of identify.
  2094 | D:2      | 2094 ||| IDENTIFYING fuming green potion
  2095 | D:2      | 2095 ||| READING 2 scrolls of identify.
  2095 | D:2      | 2095 ||| IDENTIFYING green potion
  2096 | D:2      | 2096 ||| DROPPING potion of ambrosia.
  2097 | D:2      | 2097 ||| DROPPING potion of flight.
  2134 | D:3      | 2134 ||| PLANNING SEWER
  2149 | D:3      | 2149 ||| Stepping ~*~*~tactically~*~*~ (outnumbered).
  2150 | D:3      | 2150 ||| Stepping ~*~*~tactically~*~*~ (outnumbered).
  2154 | D:3      | 2154 ||| Stepping ~*~*~tactically~*~*~ (outnumbered).
  2155 | D:3      | 2155 ||| Stepping ~*~*~tactically~*~*~ (outnumbered).
  2157 | D:3      | 2157 ||| Stepping ~*~*~tactically~*~*~ (outnumbered).
  2163 | D:3      | HP: 3/36 [worm (9)]
  2165 | D:3      | Slain by a worm

Levels and vault maps discovered:
D:1:      minmay_arrival_stair_chambers, layout_loops_ring, serial_shops,
          shop_fountains
D:2:      layout_basic, serial_shops, nicolae_shop_stone, uniq_jessica
D:3:      layout_loops_corners, mainiacjoe_overflow_brackets,
          lightli_sewer_entry_pipes, shapermc_ecumenical_altar_notcrosses

Skill      XL: |  1  2  3  4 |
---------------+-------------+-----
Unarmed Combat | 1 2 3 4 |  4.1
Fighting       | 1 |  1.8
Short Blades   | |  0.8
Dodging        | |  1.7
Stealth        | |  3.2
Spellcasting   | |  1.7
Hexes          | |  2.4

Action                   |  1- 3 |  4- 6 || total
-------------------------+-------+-------++-------
Melee: Unarmed           |   106 |    60 ||   166
       Punch             |     1 |       ||     1
  Use: Scroll            |     4 |     5 ||     9
 Stab: Sleeping          |     1 |       ||     1
Armor: Robe              |    10 |       ||    10
       Leather armour    |     5 |     7 ||    12
Dodge: Dodged            |    49 |    15 ||    64
Block: Buckler           |     4 |    10 ||    14

Table legend:
 A = Non-vault XP
 B = Vault XP
 C = Vault XP percentage of total XP
 D = Non-vault monster count
 E = Vault monster count
 F = Vault count percentage of total count
                 A         B        C        D         E       F
            +---------+---------+-------+---------+---------+-------
      Total |      95 |      50 |  34.5 |      43 |       2 |   4.4
            +---------+---------+-------+---------+---------+-------
        D:1 |      36 |       0 |   0.0 |      22 |       0 |   0.0
        D:2 |      59 |      37 |  38.5 |      21 |       1 |   4.5
        D:3 |       0 |      13 | 100.0 |       0 |       1 | 100.0
            +---------+---------+-------+---------+---------+-------
